Map: Dusk Towers

Players

Petraeus - Winner!

  • Race: Zerg Zerg
  • League: Grandmaster

PiG

  • Race: Zerg Zerg
  • League: Grandmaster

Event: 2016 WCS Winter Challenger Oceania SEA

VOD

Have the link to the VOD?

Description

Time

  • Played on: Feb. 14, 2016, 1:12 a.m.
  • Length: 20:27

All games in this series

Show
View Real Time Build Order
Export as new Build Order

Petraeus Zerg - Winner!

Build Orders: Hatch First, Lurkers 

Get SALT Encoding   

  12  0:00  Drone  
  13  0:07  Drone  
  14  0:17  Overlord  
  14  0:22  Drone, Extractor  
  15  0:35  Drone x2  
  17  0:51  Hatchery  
  17  0:53  Drone  
  17  0:57  Drone  
  18  1:11  Spawning Pool  
  18  1:12  Drone  
  18  1:14  Extractor  
  18  1:18  Drone  
  18  1:28  Drone  
  19  1:38  Overlord  
  19  1:48  Drone  
  20  1:58  Queen  
  20  1:59  Baneling Nest, Zergling x2  
  22  2:03  Drone, Queen  
  25  2:09  Drone  
  25  2:14  Drone  
  27  2:21  Drone  
  28  2:28  Drone  
  29  2:31  Drone  
  30  2:37  Metabolic Boost  
  30  2:39  Drone  
  30  2:42  Overlord  
  31  2:47  Zergling x2  
  32  2:55  Drone  
  33  2:59  Drone  
  33  3:02  Hatchery  
  33  3:07  Drone x3  
  33  3:08  Drone, Baneling  
  33  3:09  Baneling  
  37  3:15  Drone  
  37  3:18  Roach Warren  
  37  3:22  Drone x2  
  37  3:24  Drone  
  40  3:28  Overlord  
  40  3:33  Zergling x2  
  40  3:34  Zergling x2  
  42  3:37  Zergling x4  
  43  3:45  Zergling x2  
  43  3:46  Overlord  
  43  3:48  Zergling x4  
  45  3:55  Zergling x2  
  45  3:56  Zergling x2  
  45  4:02  Overlord  
  46  4:11  Zergling x2  
  46  4:12  Zergling x8  
  46  4:14  Zergling x6  
  52  4:24  Roach x2  
  52  4:27  Roach  
  52  4:32  Roach  
  52  4:38  Hatchery, Roach  
  55  4:41  Roach  
  57  4:46  Roach  
  57  4:52  Queen  
  61  4:54  Overlord  
  61  4:59  Roach  
  57  5:03  Roach  
  57  5:07  Roach  
  61  5:09  Roach, Queen  
  61  5:10  Roach  
  67  5:15  Zergling x2  
  67  5:16  Zergling x2  
  67  5:20  Overlord  
  68  5:25  Zergling x6  
  68  5:27  Zergling x2, Queen  
  74  5:32  Overlord  
  73  5:37  Zergling x2  
  73  5:40  Zergling x6  
  77  5:44  Zergling x2  
  77  5:45  Queen  
  80  5:50  Queen  
  80  5:53  Zergling x4  
  80  5:54  Baneling x3  
  80  5:56  Overlord  
  84  6:01  Baneling x2  
  84  6:03  Zergling x4  
  84  6:04  Zergling x4  
  87  6:05  Baneling, Queen  
  87  6:07  Drone x3  
  87  6:08  Drone  
  87  6:09  Extractor  
  87  6:10  Extractor  
  89  6:21  Drone x2  
  89  6:25  Drone x2  
  79  6:26  Drone x2  
  79  6:27  Drone  
  79  6:29  Drone x2  
  82  6:35  Drone x2  
  82  6:36  Drone  
  82  6:37  Drone x3  
  82  6:38  Extractor  
  87  6:40  Drone  
  87  6:45  Drone, Lair  
  89  6:50  Drone  
  89  6:51  Drone  
  89  6:53  Overlord  
  91  6:59  Queen  
  91  7:01  Drone x3  
  96  7:04  Drone  
  96  7:07  Drone, Spore Crawler  
  96  7:08  Drone x2  
  98  7:11  Overlord, Extractor  
  98  7:12  Extractor  
  98  7:14  Ravager x3  
  99  7:16  Drone x2  
  99  7:19  Drone x2  
  99  7:20  Drone  
  99  7:21  Drone  
  105  7:25  Drone x2  
  105  7:26  Evolution Chamber  
  105  7:27  Drone  
  107  7:30  Drone x3  
  107  7:32  Baneling x2  
  107  7:34  Spore Crawler  
  108  7:38  Drone x2  
  108  7:39  Spore Crawler  
  108  7:43  Drone  
  110  7:45  Spore Crawler  
  109  7:52  Spore Crawler x2  
  109  7:53  Zerg Missile Weapons Level 1, Drone  
  109  7:54  Glial Reconstitution, Infestation Pit  
  109  7:56  Roach  
  109  7:57  Roach  
  111  8:07  Roach  
  111  8:08  Overlord x3  
  111  8:09  Overseer  
  111  8:11  Drone, Overseer  
  114  8:20  Hatchery  
  113  8:38  Infestor x2  
  113  8:39  Infestor  
  113  8:40  Hydralisk Den  
  118  8:42  Drone  
  118  8:46  Hive  
  119  8:53  Drone x2  
  118  9:01  Queen  
  120  9:03  Hatchery  
  120  9:06  Roach x3  
  120  9:07  Overlord, Roach  
  120  9:08  Overlord x2, Lurker Den  
  120  9:09  Hydralisk  
  129  9:23  Overlord x2  
  129  9:27  Hydralisk x8  
  145  9:35  Zergling x2, Evolution Chamber  
  145  9:36  Drone x3  
  145  9:37  Drone x2  
  149  9:51  Extractor  
  149  9:52  Zerg Missile Weapons Level 2  
  148  9:54  Drone x2  
  148  9:57  Extractor  
  149  10:00  Viper, Extractor, Spore Crawler  
  149  10:03  Overlord  
  149  10:05  Zerg Ground Armor Level 1, Drone  
  149  10:06  Drone x3  
  149  10:07  Drone x2  
  156  10:12  Zergling x2  
  156  10:13  Spore Crawler  
  155  10:14  Spine Crawler  
  155  10:15  Spore Crawler  
  155  10:17  Viper  
  155  10:21  Extractor  
  153  10:27  Drone x2  
  153  10:28  Drone  
  150  10:36  Drone, Muscular Augments  
  150  10:37  Drone  
  150  10:39  Queen  
  154  10:46  Extractor  
  154  10:47  Drone x3, Spore Crawler  
  155  10:51  Queen  
  155  10:55  Hydralisk x4  
  165  10:59  Lurker x2  
  166  11:05  Drone x3  
  166  11:06  Spine Crawler  
  166  11:08  Overlord x3  
  166  11:09  Drone x2  
  170  11:12  Extractor  
  170  11:16  Hydralisk x3  
  175  11:23  Hatchery  
  174  11:27  Hatchery  
  174  11:29  Viper x2  
  181  11:35  Hatchery  
  181  11:38  Lurker x2  
  181  11:39  Drone  
  184  11:40  Drone x2  
  184  11:43  Zergling x2  
  184  11:44  Zergling x8  
  184  11:45  Zergling x2  
  191  11:49  Spine Crawler  
  190  11:54  Lurker  
  190  11:55  Lurker x2  
  193  12:03  Lurker  
  193  12:07  Spine Crawler  
  191  12:09  Spine Crawler x3  
  181  12:22  Roach x13  
  170  12:25  Roach x7  
  170  12:29  Roach x5  
  168  12:38  Hydralisk x3  
  159  12:50  Hydralisk x4  
  149  13:00  Drone x2  
  149  13:04  Hydralisk  
  149  13:05  Hydralisk  
  155  13:16  Pneumatized Carapace  
  155  13:22  Lurker x3  
  155  13:23  Lurker  
  155  13:25  Drone x2  
  161  13:29  Spine Crawler  
  161  13:30  Spore Crawler  
  161  13:31  Spore Crawler  
  158  13:40  Hydralisk  
  158  13:41  Hydralisk x4  
  161  13:49  Drone x3  
  161  13:51  Spore Crawler  
  161  13:52  Lurker x2  
  165  13:55  Spore Crawler  
  165  13:59  Drone x4  
  168  14:17  Lurker x4  
  168  14:18  Lurker  
  168  14:20  Roach x6  
  168  14:23  Roach x4  
  157  14:31  Roach  
  157  14:32  Roach  
  153  14:49  Hydralisk x5  
  153  14:50  Hydralisk x5  
  157  15:07  Hydralisk x3  
  157  15:08  Roach x2  
  157  15:13  Hatchery  
  166  15:18  Infestor x2  
  166  15:19  Lurker  
  171  15:23  Drone x2  
  171  15:28  Spine Crawler x2, Hydralisk x2, Spore Crawler  
  174  15:42  Hydralisk x3  
  174  15:43  Hydralisk x2  
  184  15:53  Lurker x3  
  184  15:57  Roach x4  
  195  16:05  Overlord  
  195  16:06  Overlord  
  195  16:11  Spore Crawler  
  188  16:17  Lurker x2  
  188  16:19  Lurker x2  
  188  16:20  Drone, Spore Crawler x2  
  188  16:23  Spore Crawler  
  188  16:30  Spore Crawler  
  188  16:32  Drone x2  
  189  16:33  Drone x2  
  189  16:39  Spire  
  190  17:01  Extractor  
  190  17:03  Spore Crawler  
  190  17:04  Spine Crawler x2  
  190  17:05  Extractor  
  190  17:06  Spine Crawler, Hydralisk  
  190  17:07  Hydralisk x3  
  192  17:30  Hatchery, Roach x2  
  192  17:31  Roach  
  178  17:47  Roach x6  
  181  18:02  Roach x4  
  185  18:06  Roach  
  186  18:14  Roach  
  186  18:19  Roach  
  188  18:22  Roach  
  188  18:26  Roach  
  192  18:30  Lurker  
  192  18:31  Lurker  
  192  18:34  Lurker  
  163  18:58  Roach x4  
  163  18:59  Roach x2  
  175  19:03  Lurker  
  175  19:08  Lurker x2  
  178  19:12  Lurker  
  179  19:19  Lurker x2  
  179  19:23  Lurker  
  151  19:42  Roach x3  
  145  19:56  Roach  
  145  19:57  Roach  
  134  20:04  Roach  
Show
View Real Time Build Order
Export as new Build Order

PiG Zerg 

Build Orders: Hatch First, Muta Ling Bane, Zergling Baneling 

Get SALT Encoding   

  12  0:00  Drone  
  13  0:12  Overlord  
  13  0:17  Drone  
  14  0:31  Drone x2  
  14  0:34  Drone  
  17  0:51  Hatchery  
  17  0:54  Drone  
  17  1:01  Drone  
  18  1:09  Extractor  
  17  1:14  Spawning Pool  
  17  1:15  Drone  
  17  1:18  Drone  
  18  1:28  Drone  
  19  1:38  Overlord  
  19  1:50  Drone  
  20  2:00  Drone  
  20  2:01  Queen  
  21  2:03  Queen  
  21  2:04  Zergling x2  
  26  2:09  Metabolic Boost  
  26  2:10  Drone  
  26  2:15  Zergling x2  
  28  2:23  Drone  
  29  2:32  Baneling Nest, Drone  
  29  2:44  Drone  
  29  2:45  Overlord  
  30  2:54  Drone x3  
  33  3:11  Zergling x18  
  42  3:16  Baneling x4  
  42  3:23  Overlord  
  42  3:28  Hatchery  
  42  3:33  Overlord, Drone  
  42  3:45  Overlord  
  42  3:46  Zergling x4  
  42  3:47  Drone x2  
  46  3:50  Drone  
  45  4:01  Lair  
  45  4:02  Drone  
  46  4:04  Spine Crawler  
  46  4:06  Baneling  
  45  4:12  Drone  
  45  4:13  Drone x2  
  44  4:24  Drone, Extractor  
  43  4:25  Baneling x2  
  43  4:26  Extractor x2  
  39  4:32  Drone x4  
  39  4:34  Queen  
  43  4:40  Overlord  
  43  4:42  Drone x3  
  43  4:44  Zergling x2  
  47  4:46  Baneling  
  47  4:51  Zergling x4  
  48  5:00  Zergling x4  
  48  5:05  Drone x3  
  48  5:07  Drone x2  
  54  5:17  Baneling  
  54  5:19  Spire  
  53  5:21  Drone x3  
  53  5:22  Drone  
  53  5:23  Drone x2  
  59  5:36  Spine Crawler  
  59  5:38  Spine Crawler x2  
  59  5:40  Spine Crawler x2  
  59  5:41  Spine Crawler  
  53  5:43  Zergling x4  
  53  5:46  Zergling x4  
  53  5:48  Baneling x3  
  57  5:53  Zergling x4  
  59  5:57  Zergling x2  
  59  5:58  Zergling x4  
  59  6:01  Zergling x4  
  59  6:04  Zergling x4  
  66  6:06  Baneling x4  
  66  6:11  Overlord x2  
  66  6:13  Zergling x2  
  52  6:26  Zergling x10  
  52  6:27  Zergling x6  
  52  6:30  Drone  
  52  6:32  Drone  
  61  6:33  Mutalisk x2  
  61  6:38  Drone x2  
  61  6:39  Drone x2  
  69  6:47  Mutalisk x2  
  73  6:56  Mutalisk  
  73  6:59  Drone x3  
  78  7:03  Mutalisk  
  80  7:09  Overlord  
  80  7:14  Drone x3  
  80  7:15  Drone, Extractor  
  83  7:16  Mutalisk  
  83  7:18  Extractor  
  83  7:21  Drone x3  
  87  7:24  Infestation Pit  
  86  7:37  Overseer  
  86  7:40  Baneling x3  
  86  7:45  Drone x3  
  86  7:47  Drone x6  
  95  7:56  Overlord x2  
  95  7:57  Overlord  
  95  8:00  Hatchery  
  94  8:08  Overlord  
  94  8:09  Overlord  
  94  8:10  Hive  
  94  8:15  Evolution Chamber  
  91  8:22  Mutalisk  
  91  8:23  Mutalisk x3  
  97  8:32  Drone x7  
  97  8:33  Mutalisk  
  106  8:37  Mutalisk x2  
  106  8:39  Extractor  
  109  8:43  Extractor  
  108  8:52  Zerg Melee Weapons Level 1  
  103  9:07  Drone x3  
  103  9:08  Drone x3  
  103  9:09  Drone x3  
  112  9:10  Overlord  
  112  9:11  Centrifical Hooks  
  112  9:12  Zergling x6  
  112  9:13  Zergling x4  
  115  9:22  Overlord  
  115  9:23  Overlord x2  
  115  9:37  Pathogen Glands  
  115  9:38  Ultralisk Cavern  
  115  9:43  Queen  
  116  9:55  Evolution Chamber  
  115  10:08  Overlord  
  114  10:25  Chitinous Plating  
  114  10:26  Ultralisk x2  
  114  10:27  Ultralisk x4  
  114  10:28  Zerg Ground Armor Level 1  
  148  10:33  Ultralisk  
  150  10:43  Overlord x2  
  150  10:44  Overlord  
  150  10:47  Drone  
  150  10:48  Drone x2  
  150  10:49  Ultralisk  
  156  10:59  Ultralisk, Hatchery  
  156  11:01  Overlord x4  
  156  11:02  Ultralisk  
  167  11:06  Zergling x18  
  176  11:11  Zergling x10  
  176  11:13  Overseer  
  176  11:15  Pneumatized Carapace  
  176  11:16  Overseer x2  
  181  11:20  Zergling x2  
  181  11:21  Zergling x8  
  183  11:36  Zergling x16  
  191  11:43  Zerg Melee Weapons Level 2  
  191  11:46  Baneling x14  
  191  11:50  Baneling  
  191  11:51  Zergling x8, Baneling x12  
  191  11:52  Zergling x4  
  195  12:07  Zergling x10  
  192  12:21  Zergling x20  
  151  12:35  Zergling x10  
  151  12:36  Zergling x8  
  159  12:41  Zergling x4  
  141  12:46  Zergling x2  
  141  12:47  Ultralisk x2  
  135  13:01  Ultralisk  
  135  13:02  Ultralisk x3  
  153  13:06  Zerg Ground Armor Level 2  
  153  13:20  Extractor  
  153  13:21  Hatchery  
  153  13:22  Ultralisk x2  
  153  13:25  Extractor  
  162  13:28  Overseer  
  162  13:29  Overseer  
  162  13:32  Ultralisk  
  162  13:55  Ultralisk x2  
  169  13:57  Zergling x12  
  169  14:01  Baneling  
  169  14:02  Baneling x10  
  172  14:15  Drone x6  
  151  14:33  Ultralisk x2  
  151  14:34  Ultralisk  
  134  14:52  Greater Spire  
  126  15:00  Zerg Missile Weapons Level 1, Hydralisk Den  
  126  15:03  Drone x3  
  128  15:19  Overseer  
  128  15:22  Zergling x24  
  140  15:33  Zerg Ground Armor Level 3  
  140  15:35  Drone x3  
  143  15:36  Drone x4  
  147  15:45  Hatchery, Extractor  
  147  15:49  Extractor  
  144  16:02  Drone x2  
  144  16:04  Drone x8  
  148  16:07  Hatchery  
  148  16:09  Drone  
  148  16:10  Drone x3  
  148  16:11  Drone x2  
  147  16:13  Zerg Flyer Armor Level 1  
  147  16:14  Lurker Den  
  147  16:24  Zergling x6  
  150  16:25  Zergling x6  
  150  16:26  Zergling x18  
  162  16:40  Overlord x2  
  162  16:41  Overlord  
  162  16:45  Overseer  
  155  17:10  Zergling x16  
  162  17:17  Ultralisk x4  
  162  17:22  Ultralisk x2  
  197  17:23  Viper  
  198  17:36  Baneling x7  
  197  17:40  Baneling x2  
  197  17:41  Baneling x7  
  166  18:02  Viper x3  
  166  18:05  Ultralisk x5  
  165  18:45  Zergling x12  
  165  18:46  Zergling x6  
  120  18:57  Zergling x4  
  120  18:58  Zergling x12  
  126  19:06  Overseer  
  126  19:07  Overseer  
  126  19:08  Overseer  
  125  19:11  Ultralisk x2  
  125  19:16  Drone x2  
  97  19:38  Zergling x2  
  97  19:39  Zergling x8  
  67  20:01  Zergling x8  
  67  20:02  Zergling x2  
Tags
 
Add a new tag
Caveats
  • Supply blocks, unpowered buildings, or Contaminate may cause inaccurate times.
  • Supply counts are checked every 10 seconds.